Map: Nightscape LE

Players

astroboombo

  • Race: Zerg Zerg
  • League: Gold
  • Spawn Location: 7:00

iZno

  • Race: Protoss Protoss
  • Spawn Location: 7:00

Massa - Winner!

  • Race: Terran Terran
  • League: Platinum
  • Spawn Location: 1:00

qqq - Winner!

  • Race: Protoss Protoss
  • League: Platinum
  • Spawn Location: 1:00

VOD

Have the link to the VOD?

Description

Time

  • Played on: Sept. 27, 2020, 8:51 a.m.
  • Length: 14:17
Show
View Real Time Build Order
Export as new Build Order

astroboombo Zerg 

Build Orders: Hatch First 

Get SALT Encoding   

  12  0:10  Overlord  
  12  0:13  Drone  
  13  0:16  Drone  
  14  0:34  Drone x2  
  16  0:54  Hatchery  
  15  1:03  Drone  
  16  1:11  Spawning Pool  
  16  1:13  Extractor  
  16  1:14  Drone  
  15  1:24  Drone x2  
  17  1:30  Overlord  
  17  2:00  Drone x3  
  19  2:02  Queen  
  19  2:06  Queen  
  19  2:08  Drone  
  24  2:28  Zergling x6  
  27  2:50  Zergling x2  
  27  2:51  Zergling x8  
  32  2:53  Metabolic Boost  
  32  2:57  Overlord  
  32  3:07  Drone x2  
  34  3:16  Queen  
  34  3:18  Overlord x2  
  36  3:21  Drone x2  
  38  3:44  Zergling x2  
  38  3:45  Zergling x10  
  38  4:05  Drone x3  
  41  4:36  Overlord x2  
  41  4:37  Drone  
  41  4:38  Drone x5  
  46  4:48  Drone  
  46  4:49  Drone x3  
  50  4:54  Drone x4  
  54  5:03  Roach Warren  
  53  5:16  Extractor  
  53  5:17  Extractor  
  53  5:20  Overlord x2  
  44  5:39  Zergling x2  
  44  5:40  Zergling x16  
  53  5:50  Lair  
  53  5:56  Roach x5  
  63  6:04  Hatchery  
  63  6:10  Roach x2  
  65  6:37  Drone x6  
  71  6:56  Roach  
  71  6:57  Roach x8  
  85  7:14  Roach x3  
  85  7:15  Overlord x2  
  91  7:25  Queen  
  91  7:26  Drone x3  
  84  8:09  Drone x9  
  84  8:10  Drone x7  
  98  8:15  Queen  
  98  8:16  Queen x2, Infestation Pit  
  98  8:17  Overlord  
  101  8:25  Drone x3  
  101  8:26  Drone x3  
  105  8:33  Hatchery  
  104  8:45  Baneling Nest  
  103  8:49  Extractor x2  
  103  8:52  Glial Reconstitution  
  101  9:32  Hydralisk Den  
  101  9:33  Hive  
  100  9:40  Evolution Chamber  
  100  9:41  Evolution Chamber  
  98  9:49  Queen  
  102  9:52  Roach  
  102  9:53  Roach x12  
  102  9:54  Overlord x3  
  102  9:55  Overlord x2  
  126  10:10  Tunneling Claws  
  126  10:15  Extractor  
  126  10:16  Zerg Missile Weapons Level 1, Zerg Melee Weapons Level 1  
  126  10:18  Hatchery  
  124  10:21  Pneumatized Carapace  
  124  10:26  Overseer  
  124  10:27  Overseer x2  
  124  10:35  Spire  
  123  10:45  Ravager x4  
  123  10:46  Overlord x2  
  123  10:47  Overlord x2  
  127  10:55  Overlord  
  127  11:01  Hydralisk  
  127  11:02  Hydralisk x4  
  129  11:29  Queen  
  129  11:30  Queen x3  
  107  11:54  Corruptor  
  107  11:55  Corruptor x6  
  107  11:58  Zergling x2  
  107  11:59  Zergling x40  
  142  12:10  Zerg Ground Armor Level 1  
  142  12:12  Queen  
  142  12:14  Queen  
  124  12:39  Queen x3  
  130  12:48  Queen  
  130  12:50  Queen  
  125  13:00  Corruptor  
  125  13:01  Corruptor x7  
  135  13:14  Corruptor x2, Overlord  
  128  13:27  Corruptor  
  128  13:28  Corruptor  
  118  13:42  Corruptor x2  
  92  13:56  Zergling x2  
  92  13:57  Zergling x30  
  92  13:58  Zergling x10  
Show
View Real Time Build Order
Export as new Build Order

iZno Protoss 

Build Orders: Blink Stalkers, Dark Templar Rush 

Get SALT Encoding   

  12  0:00  Probe  
  13  0:12  Probe  
  14  0:20  Pylon  
  14  0:24  Probe  
  15  0:38  Probe (Chrono Boost)  
  15  0:42  Gateway  
  16  0:45  Assimilator  
  16  0:48  Probe (Chrono Boost)  
  17  0:53  Probe (Chrono Boost)  
  18  1:04  Probe (Chrono Boost)  
  19  1:13  Probe (Chrono Boost)  
  19  1:15  Assimilator  
  20  1:18  Probe  
  20  1:20  Pylon  
  21  1:29  Cybernetics Core  
  21  1:30  Probe  
  22  1:38  Zealot  
  24  1:49  Probe  
  25  1:57  Gateway  
  24  2:01  Probe  
  24  2:02  Warp Gate (Chrono Boost)  
  24  2:06  Stalker  
  27  2:13  Probe  
  28  2:17  Twilight Council  
  28  2:26  Probe  
  29  2:33  Gateway  
  29  2:38  Probe  
  29  2:40  Pylon  
  30  2:50  Probe  
  31  2:54  Pylon  
  31  2:58  Blink  
  31  3:11  Dark Shrine  
  31  3:13  Probe  
  32  3:38  Zealot x2  
  32  3:39  Zealot  
  38  3:43  Probe  
  39  3:49  Pylon  
  39  3:55  Probe  
  39  3:56  Pylon  
  39  4:02  Stalker x2  
  44  4:14  Stalker  
  40  4:31  Dark Templar  
  40  4:45  Dark Templar  
  42  4:54  Stalker  
  42  5:06  Dark Templar  
  42  5:17  Stalker  
  42  5:33  Stalker  
  42  5:44  Stalker x2  
  46  5:53  Gateway, Nexus  
  46  6:02  Dark Templar  
  48  6:15  Stalker x2  
  50  6:34  Probe  
  50  6:38  Gateway  
  51  6:40  Gateway  
  51  6:46  Probe  
  50  6:58  Dark Templar x2  
  50  7:10  Stalker  
  50  7:13  Probe  
  50  7:14  Probe  
  54  7:19  Assimilator  
  54  7:23  Assimilator  
  54  7:25  Probe  
  54  7:26  Probe  
  46  7:37  Probe  
  46  7:38  Probe  
  46  7:49  Probe  
  47  7:51  Stalker  
  47  7:52  Stalker x2  
  47  8:15  Stalker x5  
  57  8:25  Forge  
  57  8:42  Probe x2  
  57  8:47  Nexus  
  57  8:48  Nexus  
  59  8:49  Pylon  
  59  8:54  Probe x2  
  61  8:56  Robotics Facility  
  61  9:06  Probe, Dark Templar  
  64  9:11  Protoss Ground Weapons Level 1 (Chrono Boost)  
  64  9:17  Stalker x3  
  64  9:21  Probe  
  71  9:26  Pylon  
  71  9:31  Pylon  
  69  9:41  Robotics Facility  
  69  9:44  Pylon  
  69  9:45  Dark Templar  
  71  10:03  Dark Templar, Robotics Bay  
  73  10:10  Stalker x2  
  77  10:15  Photon Cannon  
  73  10:31  Stargate  
  59  10:51  Stalker x5  
  59  10:52  Stalker  
  67  11:03  Photon Cannon  
  61  11:04  Photon Cannon  
  61  11:05  Photon Cannon  
  61  11:14  Photon Cannon  
  61  11:15  Photon Cannon  
  58  11:18  Photon Cannon  
  58  11:23  Stalker x2  
  58  11:24  Stalker  
  52  11:38  Dark Templar  
  52  11:47  Probe (Chrono Boost)  
  50  11:55  Stalker x2  
  50  11:56  Stalker  
  50  11:57  Probe (Chrono Boost)  
  50  12:07  Probe (Chrono Boost)  
  50  12:18  Probe (Chrono Boost)  
  51  12:23  Probe (Chrono Boost), Stalker x2  
  51  12:24  Stalker  
  56  12:37  Stalker x3  
  60  12:57  Stalker x3  
  56  13:06  Stalker  
  56  13:07  Stalker x2  
  56  13:10  Probe (Chrono Boost)  
  64  13:20  Probe (Chrono Boost)  
  64  13:24  Probe (Chrono Boost)  
  53  13:35  Stalker x4  
  53  13:36  Stalker  
  63  13:53  Stalker  
  63  14:10  Dark Templar  
Show
View Real Time Build Order
Export as new Build Order

Massa Terran - Winner!

Build Orders:  

Get SALT Encoding   

  12  0:00  SCV  
  13  0:12  SCV  
  14  0:17  Supply Depot  
  14  0:27  SCV  
  15  0:39  SCV, Barracks  
  16  0:51  SCV  
  17  1:03  SCV  
  18  1:08  Refinery  
  18  1:26  Marine  
  18  1:28  Command Center  
  19  1:33  Refinery  
  19  1:38  Orbital Command  
  19  1:44  Marine  
  20  2:05  Barracks Reactor  
  20  2:12  SCV  
  21  2:24  SCV  
  21  2:27  Factory  
  22  2:36  SCV  
  23  2:41  Marine x2  
  23  2:43  Orbital Command  
  25  2:48  SCV  
  26  3:00  SCV  
  27  3:11  Command Center  
  27  3:13  SCV  
  27  3:18  Hellion x2  
  32  3:38  Bunker  
  32  3:39  Hellion x2  
  38  4:02  Hellion  
  38  4:23  Hellion  
  38  4:24  Barracks Tech Lab  
  40  4:27  SCV x2  
  42  4:39  SCV x2  
  42  4:49  Hellion x2  
  42  4:51  SCV x2  
  48  4:59  Marauder  
  50  5:10  Hellion  
  52  5:17  Supply Depot x2  
  52  5:22  SCV  
  53  5:32  Hellion  
  53  5:38  SCV  
  53  5:39  Marauder  
  53  5:40  Supply Depot  
  56  5:42  Supply Depot  
  56  5:50  SCV  
  56  5:57  SCV x2  
  58  6:00  Marauder  
  58  6:03  SCV  
  61  6:05  Supply Depot  
  61  6:09  SCV x2  
  56  6:15  SCV  
  56  6:21  SCV x2, Marauder  
  56  6:22  Concussive Shells  
  59  6:27  Widow Mine x2, SCV  
  64  6:39  SCV  
  65  6:43  Marauder, Engineering Bay  
  67  6:48  Hellion x2  
  63  7:04  Marauder  
  63  7:12  Widow Mine  
  63  7:13  Widow Mine  
  67  7:17  Orbital Command  
  67  7:19  SCV  
  67  7:20  SCV  
  67  7:26  Marauder  
  65  7:31  SCV, Barracks  
  65  7:32  SCV, Barracks  
  63  7:43  SCV  
  62  7:44  SCV  
  61  7:52  Marauder  
  61  7:56  SCV x2  
  63  8:08  SCV x2  
  65  8:14  Marauder  
  65  8:16  Terran Infantry Weapons Level 1  
  67  8:20  Barracks  
  67  8:21  Barracks  
  67  8:24  Missile Turret  
  67  8:26  Refinery  
  67  8:27  Refinery  
  67  8:29  Widow Mine x2  
  67  8:31  Barracks Reactor  
  67  8:32  Marine  
  72  8:35  Marauder  
  72  8:37  Stimpack  
  74  8:45  Missile Turret  
  74  8:49  Marine  
  74  8:50  Widow Mine  
  74  8:51  Widow Mine  
  79  8:57  Marauder  
  81  9:07  Marine  
  81  9:09  Missile Turret  
  82  9:12  Starport, Barracks Tech Lab  
  82  9:13  Barracks Reactor  
  82  9:18  Marauder  
  83  9:25  Marine  
  84  9:39  Marauder x2  
  84  9:40  Marine x2  
  84  9:43  Marine  
  84  9:44  Engineering Bay  
  91  9:47  Armory  
  91  9:51  Armory  
  91  9:58  Marine x2  
  93  10:07  Supply Depot  
  93  10:10  Terran Infantry Armor Level 1  
  93  10:13  Supply Depot  
  93  10:14  Missile Turret  
  93  10:16  Combat Shield, Supply Depot x2  
  93  10:17  SCV, Marine, Supply Depot  
  93  10:28  Marine x2  
  93  10:29  Marauder x2, Marine x2  
  93  10:32  Supply Depot  
  93  10:34  SCV, Marine, Missile Turret  
  103  10:36  Terran Infantry Weapons Level 2  
  103  10:37  Supply Depot  
  103  10:38  Terran Vehicle Weapons Level 1  
  103  10:40  Terran Vehicle And Ship Armor Level 1, Supply Depot  
  103  10:41  Supply Depot  
  103  10:46  SCV, Marine x4  
  108  10:50  Marauder x2  
  108  10:52  Marine  
  108  10:55  Missile Turret  
  113  10:58  SCV  
  113  10:59  Supply Depot  
  114  11:04  Marine x4  
  114  11:10  SCV, Marine  
  120  11:12  Marauder x2  
  120  11:15  Medivac, Missile Turret  
  126  11:22  Marine x4  
  125  11:28  Marine  
  118  11:33  Marauder x2  
  118  11:39  Missile Turret  
  122  11:40  Marine x4  
  122  11:45  Medivac  
  123  11:54  Widow Mine x2  
  123  11:55  Marauder x2  
  123  11:57  Marine  
  123  11:58  Marine x3  
  123  11:59  Missile Turret  
  131  12:02  Barracks Tech Lab  
  131  12:14  Marine, Ghost Academy x2  
  136  12:15  Widow Mine x2, Marine x3, Medivac  
  136  12:16  Marauder x2  
  136  12:17  SCV x3, Command Center  
  148  12:29  SCV x3  
  151  12:32  Marine  
  151  12:33  Marine x3  
  159  12:37  Widow Mine x2, Marauder x2  
  163  12:46  Starport Reactor  
  163  12:47  Ghost Academy  
  163  12:50  Marine  
  164  12:51  Marine x3  
  164  12:58  Widow Mine x2  
  171  12:59  Marauder  
  173  13:06  Missile Turret  
  173  13:07  Missile Turret x2  
  173  13:08  Missile Turret  
  173  13:09  Missile Turret  
  173  13:23  Marauder  
  173  13:27  Supply Depot  
  173  13:28  Supply Depot  
  173  13:29  Marauder  
  173  13:30  Missile Turret, Supply Depot x2  
  173  13:34  Supply Depot x2  
  175  13:36  Supply Depot  
  175  13:37  Supply Depot x3  
  175  13:51  Marauder  
  175  13:54  Supply Depot x2  
  177  13:59  Supply Depot x2  
  177  14:01  Supply Depot  
  177  14:02  Supply Depot  
  177  14:05  Supply Depot  
Show
View Real Time Build Order
Export as new Build Order

qqq Protoss - Winner!

Build Orders: Nexus First, Carriers 

Get SALT Encoding   

  12  0:32  Probe (Chrono Boost)  
  13  0:36  Pylon  
  14  0:44  Probe (Chrono Boost)  
  14  0:50  Probe (Chrono Boost)  
  15  0:58  Nexus  
  15  1:04  Probe  
  16  1:15  Gateway  
  16  1:25  Probe  
  16  1:31  Pylon  
  17  1:38  Probe  
  17  1:39  Pylon  
  18  1:50  Probe  
  18  2:02  Probe  
  19  2:14  Pylon  
  19  2:16  Probe  
  19  2:17  Pylon  
  19  2:18  Cybernetics Core  
  19  2:20  Assimilator  
  20  2:26  Assimilator  
  20  2:31  Probe  
  21  2:43  Probe  
  22  2:44  Forge  
  22  2:52  Probe  
  22  2:55  Probe  
  25  3:07  Probe (Chrono Boost)  
  25  3:08  Probe (Chrono Boost)  
  26  3:13  Stalker (Chrono Boost)  
  26  3:16  Probe (Chrono Boost)  
  26  3:19  Probe (Chrono Boost)  
  30  3:22  Probe (Chrono Boost)  
  31  3:28  Probe  
  31  3:34  Probe, Stalker (Chrono Boost)  
  35  3:46  Probe  
  36  3:53  Pylon  
  36  3:56  Pylon  
  36  3:57  Stalker  
  38  4:19  Probe x2  
  38  4:20  Photon Cannon  
  40  4:27  Stargate  
  40  4:30  Photon Cannon  
  41  4:31  Probe x2, Stalker  
  44  4:56  Photon Cannon  
  44  4:59  Shield Battery  
  44  5:01  Pylon, Stalker  
  40  5:22  Robotics Facility  
  40  5:25  Pylon  
  40  5:27  Stargate  
  40  5:32  Phoenix  
  40  5:33  Probe  
  43  5:36  Assimilator  
  43  5:40  Assimilator  
  43  5:46  Probe  
  44  5:57  Phoenix  
  44  5:58  Probe  
  47  6:10  Probe  
  48  6:15  Phoenix  
  50  6:31  Phoenix  
  52  6:33  Probe x2  
  54  6:40  Phoenix  
  54  6:45  Probe x2  
  58  6:57  Probe x2  
  56  7:09  Probe  
  56  7:10  Photon Cannon  
  56  7:12  Photon Cannon  
  56  7:14  Probe  
  58  7:19  Observer, Fleet Beacon  
  58  7:21  Phoenix x2  
  63  7:26  Probe  
  58  7:38  Probe  
  59  7:50  Probe  
  59  8:02  Probe  
  56  8:09  Phoenix  
  56  8:10  Carrier  
  64  8:14  Probe  
  65  8:28  Observer  
  65  8:33  Tempest  
  70  8:39  Pylon  
  70  8:44  Pylon  
  70  8:46  Pylon  
  70  8:49  Pylon  
  70  8:57  Observer  
  71  9:08  Pylon  
  71  9:14  Carrier  
  71  9:17  Carrier, Nexus  
  83  9:20  Pylon  
  83  9:23  Pylon  
  83  9:26  Pylon  
  83  9:29  Pylon  
  83  9:36  Photon Cannon  
  83  9:39  Photon Cannon  
  83  9:56  Protoss Air Armor Level 1 (Chrono Boost)  
  83  10:00  Photon Cannon  
  83  10:03  Photon Cannon  
  83  10:07  Photon Cannon  
  83  10:10  Photon Cannon  
  83  10:18  Carrier  
  83  11:02  Carrier  
  89  11:22  Carrier  
  95  11:55  Observer  
  95  11:58  Probe, Protoss Air Weapons Level 1  
  97  12:07  Carrier  
  103  12:10  Probe  
  103  12:22  Probe  
  104  12:27  Carrier  
  110  12:34  Probe  
  111  12:46  Probe  
  112  13:11  Carrier  
  118  13:25  Void Ray  
  116  13:37  Stargate  
  116  13:39  Stargate  
Tags
 
Add a new tag
Caveats
  • Supply blocks, unpowered buildings, or Contaminate may cause inaccurate times.
  • Supply counts are checked every 10 seconds.